Map: Frost LE

Players

UrsidBearMe (Seither)

  • Race: Terran Terran
  • League: Master

JonSnow - Winner!

  • Race: Zerg Zerg
  • League: Grandmaster

Event: SpawningTool Invitational 1

VOD

https://www.youtube.com/watch?v=y051JGJX31k

Description

Time

  • Played on: May 30, 2016, 5:59 p.m.
  • Length: 18:50

All games in this series

Show
View Real Time Build Order
Export as new Build Order

UrsidBearMe Terran 

Build Orders: Reaper Expand, MMM Bio 

Get SALT Encoding   

  12  0:00  SCV  
  13  0:13  SCV  
  14  0:17  Supply Depot  
  14  0:25  SCV  
  15  0:39  SCV  
  15  0:40  Barracks  
  16  0:46  Refinery  
  16  0:51  SCV  
  17  1:03  SCV  
  18  1:16  SCV  
  19  1:28  Orbital Command  
  19  1:29  Reaper  
  20  1:41  Command Center  
  20  1:49  Supply Depot  
  20  1:54  SCV  
  21  2:01  Marine  
  21  2:07  Barracks  
  22  2:09  SCV  
  22  2:12  Refinery  
  23  2:21  Barracks Reactor, SCV  
  24  2:28  Factory  
  24  2:33  SCV  
  25  2:45  SCV  
  26  2:54  Orbital Command  
  26  2:55  Barracks Tech Lab  
  26  2:57  SCV  
  27  2:59  Marine x2  
  29  3:09  SCV  
  30  3:15  Marine, Stimpack  
  30  3:16  Marine x2  
  33  3:21  SCV x2  
  35  3:27  Starport  
  35  3:29  Factory Reactor  
  35  3:39  SCV x2  
  35  3:43  Marine  
  35  3:44  Marine x2  
  38  3:55  SCV  
  38  3:56  SCV  
  38  4:02  Marine x3  
  43  4:03  Supply Depot  
  43  4:09  SCV  
  45  4:10  SCV  
  45  4:18  Supply Depot  
  45  4:23  SCV  
  46  4:24  Engineering Bay, Medivac x2, SCV  
  46  4:25  Engineering Bay  
  46  4:27  Marine x2  
  53  4:34  Supply Depot  
  53  4:38  Marine  
  53  4:40  SCV x2  
  53  4:41  Refinery  
  56  4:48  Marine x2  
  56  4:50  Factory Reactor  
  56  4:52  SCV x2  
  60  4:54  Terran Infantry Weapons Level 1  
  60  4:56  Marine  
  61  5:01  Terran Infantry Armor Level 1  
  61  5:02  Supply Depot  
  61  5:04  SCV  
  61  5:05  SCV  
  61  5:06  Medivac  
  65  5:10  Marine x2  
  65  5:14  Marine  
  67  5:16  Combat Shields  
  67  5:18  SCV x2  
  69  5:28  Marine x2  
  68  5:30  SCV x2  
  68  5:31  Marine  
  69  5:38  Medivac  
  69  5:42  SCV  
  70  5:44  Widow Mine  
  70  5:45  Widow Mine  
  70  5:46  Marine x2  
  70  5:48  Supply Depot  
  76  5:54  SCV  
  76  5:55  Marine  
  78  5:57  Command Center  
  78  6:03  Liberator  
  78  6:06  Refinery  
  78  6:09  Marine, SCV x2  
  78  6:10  Marine  
  82  6:13  Marine  
  82  6:21  SCV  
  82  6:25  Supply Depot  
  86  6:29  Supply Depot, Liberator  
  86  6:37  Supply Depot  
  86  6:46  Marine x3, SCV x2  
  94  6:48  Barracks x2  
  94  6:50  Barracks  
  92  6:58  SCV  
  88  7:02  Widow Mine x2  
  88  7:04  Marine x2, Marauder  
  88  7:05  SCV  
  97  7:10  SCV  
  97  7:15  Orbital Command  
  96  7:21  Marine x2  
  96  7:23  Supply Depot  
  96  7:25  Armory  
  96  7:26  Marauder  
  98  7:34  Medivac x2, Widow Mine x2  
  108  7:39  Marine  
  109  7:44  Marine  
  109  7:46  Barracks Reactor  
  109  7:47  Barracks Reactor, Marauder  
  109  7:48  Barracks Reactor  
  108  7:57  Marine  
  106  8:02  Marine  
  107  8:08  Marine  
  107  8:10  SCV x2  
  110  8:13  Terran Infantry Weapons Level 2  
  110  8:14  Terran Infantry Armor Level 2  
  110  8:15  Marine  
  110  8:19  Barracks x2  
  111  8:20  Marine  
  111  8:21  Barracks  
  111  8:25  Marine x3  
  111  8:26  Marine x4  
  119  8:32  Orbital Command  
  119  8:33  Marine  
  120  8:38  Marine  
  121  8:43  Marine x5  
  121  8:44  Marine x2  
  128  8:51  Marine  
  129  8:55  Marine  
  129  8:56  Medivac  
  129  8:58  Medivac  
  129  9:01  Supply Depot, Marine x2  
  129  9:02  Supply Depot, Marine  
  134  9:05  Marine x3  
  134  9:06  SCV  
  134  9:09  Barracks Reactor, Barracks Tech Lab x2  
  138  9:13  SCV x2  
  138  9:16  Supply Depot  
  132  9:24  Marine x6  
  132  9:25  Marauder  
  130  9:35  Marine x2, Marauder x2  
  136  9:38  SCV x2  
  136  9:39  SCV  
  136  9:42  Supply Depot, Marine x4  
  136  9:44  Supply Depot  
  143  9:47  Marauder  
  143  9:49  Marine x4  
  149  9:55  Supply Depot  
  149  9:56  Marauder  
  145  10:10  Marine x8, Marauder x2  
  145  10:11  Marine x2  
  159  10:14  Supply Depot  
  159  10:15  Supply Depot  
  159  10:18  Marauder  
  161  10:28  Marine x6, Command Center  
  165  10:31  Medivac  
  165  10:32  Medivac  
  165  10:33  Starport  
  171  10:43  Terran Infantry Weapons Level 3, Terran Infantry Armor Level 3  
  171  10:44  Marine x7  
  171  10:45  Marine  
  179  10:56  Refinery x2  
  178  11:02  Marine, Marauder  
  178  11:03  Marine x3, Marauder x2  
  176  11:15  Marine x4  
  176  11:16  Marine x2, Liberator  
  176  11:17  Liberator  
  160  11:20  Marine x2  
  160  11:23  Liberator  
  160  11:24  Marauder x3  
  148  11:33  Marine x4  
  148  11:34  Liberator  
  150  11:45  Marauder  
  143  11:59  Liberator x2  
  143  12:00  Planetary Fortress  
  137  12:06  Liberator  
  137  12:12  Marine x2, Marauder x3  
  137  12:13  Marine x2  
  147  12:17  Liberator  
  156  12:32  Marine, Sensor Tower  
  156  12:33  Marine x5  
  156  12:34  Marauder x2  
  169  12:42  Liberator x2  
  169  12:45  Marine x4  
  169  12:46  Marauder  
  175  12:52  Liberator  
  175  12:54  Marine x4  
  175  12:55  Marauder  
  174  12:59  Liberator  
  179  13:15  Refinery  
  179  13:16  Refinery  
  182  13:25  Liberator  
  181  13:33  Marine x6, Liberator  
  181  13:34  Marine x2, Marauder  
  182  13:35  Marauder, Liberator  
  182  13:36  Command Center  
  182  13:37  Terran Ship Weapons Level 1  
  182  13:38  Ghost Academy  
  190  13:53  Liberator  
  185  14:08  Liberator  
  185  14:16  Liberator  
  188  14:19  Liberator  
  188  14:23  Sensor Tower  
  190  14:36  Liberator  
  196  14:55  Planetary Fortress  
  196  15:02  Liberator x2  
  196  15:05  Refinery  
  193  15:08  SCV x2  
  194  15:20  Ghost  
  198  15:28  Liberator  
  198  15:29  Liberator  
  198  15:31  Ghost  
  200  15:37  Command Center  
  197  15:45  Marine, Liberator  
  157  15:51  Liberator  
  157  15:54  Marine x4  
  157  15:55  Marine x2, Marauder  
  157  15:56  Marauder  
  132  16:00  Marauder  
  126  16:11  Liberator  
  126  16:17  Marauder  
  126  16:18  SCV x5  
  133  16:23  Liberator  
  133  16:24  Marine x4  
  133  16:25  Marine x4  
  141  16:26  Marauder  
  146  16:41  Liberator  
  146  16:42  SCV  
  146  16:43  SCV x2  
  146  16:46  Marine x3  
  146  16:47  Marine, Marauder  
  155  16:49  Widow Mine  
  163  17:02  Liberator  
  155  17:21  SCV x2  
  142  17:24  Marine x2  
  142  17:25  Marauder  
  139  17:43  SCV x2  
  138  17:49  Marine x3  
  138  17:50  Marauder  
Show
View Real Time Build Order
Export as new Build Order

JonSnow Zerg - Winner!

Build Orders: Hatch First 

Get SALT Encoding   

  12  0:00  Drone  
  13  0:13  Overlord  
  13  0:18  Drone  
  14  0:32  Drone x2  
  14  0:35  Drone  
  17  0:53  Hatchery  
  17  0:56  Drone  
  17  1:02  Drone  
  18  1:05  Extractor  
  17  1:14  Spawning Pool  
  17  1:17  Drone  
  17  1:25  Overlord  
  17  1:33  Drone  
  17  1:39  Drone  
  19  2:01  Queen  
  21  2:02  Zergling x4  
  21  2:04  Queen  
  21  2:05  Zergling x2  
  26  2:10  Metabolic Boost  
  26  2:22  Drone x3  
  30  2:30  Drone  
  30  2:34  Drone  
  31  2:42  Queen  
  33  2:48  Pneumatized Carapace  
  33  2:54  Drone x2  
  33  2:55  Drone  
  33  2:57  Overlord  
  36  3:00  Overlord  
  36  3:16  Drone x6  
  36  3:17  Drone  
  43  3:20  Drone  
  44  3:29  Queen  
  44  3:33  Drone x2  
  47  3:36  Drone  
  47  3:40  Drone x4  
  51  3:42  Extractor x2  
  49  3:54  Hatchery  
  47  3:56  Drone x3  
  47  3:59  Drone  
  51  4:06  Roach Warren  
  50  4:16  Drone x2  
  52  4:25  Overlord  
  52  4:27  Lair  
  52  4:30  Overlord  
  52  4:33  Evolution Chamber  
  52  4:34  Extractor  
  52  4:37  Overlord x2  
  52  4:38  Zergling x4  
  52  4:49  Roach  
  52  4:50  Roach x4  
  62  4:59  Zerg Missile Weapons Level 1  
  62  5:02  Roach x4  
  70  5:11  Roach x2  
  70  5:12  Roach x3  
  80  5:19  Drone x4  
  84  5:29  Roach x3  
  84  5:32  Roach  
  84  5:35  Glial Reconstitution  
  82  5:45  Drone x8  
  82  5:49  Overlord  
  89  5:52  Overlord  
  89  5:56  Evolution Chamber  
  88  5:57  Drone  
  89  6:09  Roach x4  
  97  6:12  Overlord  
  97  6:14  Overlord  
  97  6:21  Overlord x2  
  97  6:23  Zerg Ground Armor Level 1  
  97  6:25  Drone x4  
  100  6:27  Drone  
  100  6:32  Roach x2  
  106  6:33  Roach  
  106  6:39  Infestation Pit  
  107  6:47  Drone x2  
  107  6:48  Extractor x2, Roach x4  
  113  6:56  Roach x4  
  113  6:59  Overseer  
  113  7:02  Drone x4  
  113  7:04  Overlord  
  117  7:08  Overlord  
  117  7:10  Overlord  
  117  7:12  Zerg Melee Weapons Level 1  
  117  7:15  Drone x3  
  120  7:19  Drone x3  
  123  7:30  Ravager x6  
  123  7:32  Roach x2  
  123  7:33  Zergling x6  
  123  7:35  Overlord  
  136  7:42  Roach x2  
  140  7:47  Overlord x2  
  136  8:00  Drone x4  
  136  8:01  Infestor x2  
  144  8:09  Overlord  
  144  8:11  Hive  
  144  8:15  Ravager  
  145  8:24  Overlord  
  145  8:32  Overlord  
  138  8:49  Zergling x2  
  138  8:50  Zerg Ground Armor Level 2, Zergling x20  
  138  8:53  Hatchery  
  148  8:58  Drone  
  148  9:02  Ravager x4  
  147  9:11  Spore Crawler  
  147  9:12  Overlord  
  147  9:17  Roach x5  
  151  9:25  Overlord  
  151  9:26  Overseer  
  151  9:27  Roach x2  
  147  9:39  Zergling x10  
  147  9:41  Ultralisk Cavern  
  151  9:46  Ravager  
  151  9:48  Zerg Melee Weapons Level 2  
  152  9:53  Drone x2  
  152  9:56  Spore Crawler  
  151  10:13  Adrenal Glands  
  151  10:15  Drone  
  151  10:16  Zergling x14  
  151  10:17  Spire  
  158  10:24  Drone x2  
  158  10:25  Extractor, Drone x4  
  158  10:26  Extractor  
  161  10:28  Zergling x2  
  161  10:29  Zergling x2  
  161  10:34  Chitinous Plating  
  163  10:36  Zergling x2, Ultralisk  
  163  10:37  Zergling x4, Queen  
  173  10:48  Overlord  
  173  10:51  Drone x3  
  173  10:55  Roach x7  
  190  10:59  Ravager x2  
  190  11:01  Zergling x2  
  190  11:02  Zergling x4  
  194  11:05  Lair  
  189  11:15  Roach x4  
  189  11:17  Roach  
  165  11:20  Zergling x8  
  165  11:24  Zergling x4  
  166  11:29  Ultralisk  
  166  11:31  Roach  
  165  11:35  Ultralisk  
  165  11:36  Zergling x2  
  167  11:41  Zergling x4  
  169  11:47  Zergling x2  
  169  11:52  Zergling x12  
  161  11:59  Corruptor x2  
  165  12:01  Pathogen Glands  
  165  12:04  Extractor  
  165  12:06  Zergling x6  
  167  12:17  Zergling x14  
  167  12:19  Zerg Melee Weapons Level 3  
  167  12:22  Overseer  
  174  12:27  Zergling x8  
  178  12:36  Zergling x2  
  178  12:37  Zergling x4  
  181  12:41  Infestor, Zerg Ground Armor Level 3  
  182  12:47  Zergling x10  
  182  12:48  Zergling x6  
  190  12:54  Zergling x4  
  190  12:55  Zergling x6  
  194  12:58  Hatchery  
  194  13:02  Infestor  
  194  13:03  Infestor x2  
  199  13:12  Zerg Flyer Armor Level 1  
  199  13:22  Zergling x2  
  199  13:23  Zergling x2  
  199  13:24  Overseer  
  196  13:37  Hatchery  
  195  13:45  Zergling x14  
  199  13:59  Overseer  
  199  14:20  Hatchery  
  196  14:34  Corruptor  
  198  14:44  Ravager  
  195  15:03  Corruptor x2  
  195  15:04  Corruptor x2  
  197  15:10  Corruptor  
  197  15:29  Zerg Missile Weapons Level 2  
  197  15:34  Ravager x4  
  195  15:47  Corruptor x8  
  195  15:48  Zergling x4  
  195  15:49  Zergling x22  
  144  15:59  Ultralisk  
  144  16:02  Ultralisk x3  
  156  16:08  Ultralisk x3  
  166  16:12  Zergling x2  
  166  16:13  Zergling x6  
  169  16:21  Zergling x2, Ultralisk x2  
  182  16:27  Zergling x4  
  184  16:36  Infestor  
  184  16:37  Infestor  
  184  16:38  Zergling x4  
  184  16:39  Zergling x2  
  191  16:46  Zergling x10  
  196  16:47  Queen  
  196  16:48  Extractor  
  196  16:50  Extractor  
  192  16:56  Zergling x12  
  192  16:57  Zergling x6  
  200  17:04  Corruptor  
  197  17:14  Corruptor x2  
  197  17:15  Corruptor x2, Zergling x2  
  194  17:16  Zergling x8  
  195  17:23  Corruptor  
  195  17:24  Corruptor, Zergling x2  
  192  17:32  Zergling x12  
  195  17:38  Zergling x2  
  195  17:39  Zergling x6  
  199  17:47  Overlord  
  198  17:59  Overlord x4  
  198  18:05  Overseer  
  196  18:11  Zergling x2  
  197  18:25  Zergling x8  
Tags
 
Add a new tag
Caveats
  • Supply blocks, unpowered buildings, or Contaminate may cause inaccurate times.
  • Supply counts are checked every 10 seconds.